Map: Overgrown Facility

Players

Xijesal - Winner!

  • Race: Protoss Protoss
  • Spawn Location: 1:00

DuckHunt - Winner!

  • Race: Terran Terran
  • League: Platinum
  • Spawn Location: 3:00

JaySlays

  • Race: Protoss Protoss
  • Spawn Location: 7:00

Wolf

  • Race: Zerg Zerg
  • League: Diamond
  • Spawn Location: 9:00

VOD

Have the link to the VOD?

Description

Time

  • Played on: April 22, 2018, 3:30 a.m.
  • Length: 13:29
Show
View Real Time Build Order
Export as new Build Order

Xijesal Protoss - Winner!

Build Orders: Phoenix Opening 

Get SALT Encoding   

  12  0:01  Probe  
  13  0:13  Probe  
  14  0:19  Pylon  
  14  0:25  Probe  
  15  0:33  Probe  
  15  0:41  Probe  
  15  0:42  Gateway  
  17  0:50  Assimilator  
  17  0:51  Probe  
  18  1:00  Assimilator  
  18  1:03  Probe  
  19  1:09  Pylon  
  19  1:15  Probe  
  20  1:28  Probe  
  20  1:31  Cybernetics Core  
  21  1:35  Pylon  
  21  1:40  Probe  
  22  1:52  Probe  
  23  2:08  Stargate  
  23  2:12  Probe  
  24  2:26  Nexus  
  24  2:30  Probe  
  24  2:34  Sentry  
  27  2:42  Pylon  
  27  2:45  Phoenix  
  27  2:46  Probe  
  30  3:03  Phoenix  
  30  3:05  Gateway  
  30  3:10  Warp Gate  
  32  3:20  Probe  
  32  3:23  Phoenix  
  33  3:32  Probe  
  36  3:41  Gateway  
  36  3:42  Probe  
  36  3:44  Probe  
  38  3:51  Probe  
  38  3:53  Phoenix  
  41  3:56  Probe  
  42  4:04  Assimilator  
  42  4:18  Phoenix  
  42  4:20  Stalker  
  42  4:21  Stalker  
  48  4:30  Probe x2  
  50  4:37  Phoenix  
  50  4:42  Probe  
  53  4:53  Stalker x2  
  53  4:54  Stalker  
  53  4:59  Pylon, Probe x2  
  61  5:11  Probe  
  62  5:28  Phoenix  
  64  5:29  Probe x2  
  64  5:41  Probe x2  
  54  5:53  Probe  
  54  6:04  Assimilator  
  54  6:06  Phoenix  
  54  6:07  Stalker x3  
  62  6:16  Probe x2  
  64  6:28  Probe  
  65  6:33  Stalker x2  
  69  6:50  Nexus  
  69  6:51  Pylon  
  69  6:53  Assimilator  
  69  6:55  Pylon, Assimilator  
  69  6:57  Pylon  
  69  6:59  Pylon  
  69  7:01  Pylon  
  69  7:03  Pylon  
  69  7:06  Probe  
  70  7:09  Probe  
  70  7:11  Stalker x3  
  70  7:15  Phoenix  
  79  7:18  Probe  
  79  7:21  Probe  
  81  7:30  Probe  
  81  7:32  Phoenix  
  81  7:33  Probe  
  81  7:35  Gateway  
  81  7:37  Gateway  
  83  7:39  Gateway  
  83  7:42  Gateway  
  83  7:43  Probe  
  86  7:44  Stalker x3  
  92  7:52  Pylon  
  92  7:54  Gateway  
  92  8:24  Phoenix  
  90  8:31  Stargate  
  90  8:32  Stargate  
  90  8:34  Fleet Beacon  
  90  8:49  Phoenix  
  90  8:51  Stalker  
  90  8:52  Stalker x6  
  90  8:53  Stalker  
  90  8:54  Probe  
  108  8:57  Probe x2  
  111  9:18  Tempest x3  
  129  9:32  Pylon  
  129  9:33  Pylon  
  129  10:01  Tempest x2  
  123  10:08  Protoss Air Weapons Level 1  
  123  10:11  Tempest  
  139  10:24  Stalker x2  
  139  10:25  Stalker x4  
  151  10:33  Twilight Council  
  151  10:36  Pylon  
  151  10:37  Phoenix  
  153  11:02  Tempest  
  153  11:12  Tempest  
  165  11:20  Nexus  
  165  11:22  Pylon  
  165  11:23  Pylon  
  165  11:24  Pylon  
  165  11:26  Assimilator  
  165  11:27  Assimilator  
  165  11:37  Tempest  
  165  11:42  Tempest  
  177  11:52  Stalker x3  
  183  12:16  Stalker x3  
  183  12:20  Pylon  
  189  12:22  Pylon  
  157  13:20  Stalker x3  
  157  13:21  Stalker x4  
Show
View Real Time Build Order
Export as new Build Order

DuckHunt Terran - Winner!

Build Orders: MMM Bio 

Get SALT Encoding   

  12  0:01  SCV  
  13  0:13  SCV  
  14  0:24  Supply Depot  
  14  0:25  SCV  
  15  0:42  Refinery  
  15  0:46  SCV  
  15  0:48  Barracks  
  16  0:58  SCV  
  17  1:10  SCV  
  18  1:22  SCV  
  19  1:34  SCV  
  19  1:39  Supply Depot  
  20  1:44  Barracks Reactor  
  20  1:46  SCV  
  21  1:58  Barracks  
  21  2:03  Refinery  
  21  2:05  Orbital Command  
  21  2:23  Marine x2  
  21  2:25  Factory  
  23  2:33  SCV  
  24  2:57  Barracks Tech Lab  
  24  3:06  SCV  
  24  3:09  Command Center  
  24  3:10  Supply Depot  
  25  3:14  Barracks Reactor  
  25  3:18  SCV  
  26  3:23  Hellion x2  
  26  3:26  Marine  
  31  3:32  Supply Depot  
  31  3:44  Hellion  
  31  3:45  Hellion  
  35  3:50  SCV  
  35  3:55  Combat Shields  
  36  4:02  SCV  
  37  4:03  Marauder  
  39  4:11  Marine x2  
  41  4:22  Orbital Command  
  41  4:24  Marine  
  41  4:30  Hellion x2  
  46  4:34  SCV  
  47  4:42  Barracks  
  47  4:44  Marine  
  48  4:46  SCV  
  48  4:51  SCV  
  50  4:55  Marine x2  
  50  4:59  SCV  
  53  5:03  SCV, Engineering Bay  
  53  5:07  Marine  
  54  5:13  Marine  
  56  5:16  Stimpack  
  56  5:18  SCV  
  56  5:19  SCV, Factory Tech Lab  
  58  5:21  Marine  
  58  5:24  Marine  
  60  5:30  Marine  
  60  5:32  Starport  
  60  5:33  SCV  
  62  6:12  Starport Reactor  
  62  6:13  Supply Depot  
  59  6:34  Marine x2, SCV  
  59  6:38  Supply Depot x2  
  62  6:50  Command Center  
  62  6:59  Marine x5  
  62  7:00  Medivac x2  
  71  7:01  Supply Depot  
  71  7:03  Supply Depot  
  71  7:05  Terran Infantry Armor Level 1  
  71  7:09  Engineering Bay  
  71  7:17  Marine x5  
  76  7:25  Siege Tank  
  76  7:27  SCV  
  76  7:28  SCV  
  81  7:30  Medivac x2  
  81  7:34  Armory  
  81  7:35  Marine x5  
  90  7:37  Terran Infantry Weapons Level 1  
  90  7:40  SCV x2  
  92  7:45  Refinery  
  92  7:48  Refinery  
  92  7:52  SCV x2  
  94  8:01  Marine x5  
  94  8:02  Medivac  
  101  8:07  Supply Depot, Medivac  
  101  8:08  Orbital Command  
  101  8:10  SCV  
  101  8:11  SCV  
  105  8:19  Marine x4  
  109  8:24  Barracks  
  109  8:27  Barracks  
  109  8:28  Supply Depot, SCV  
  109  8:31  Supply Depot  
  109  8:34  SCV x2  
  112  8:37  Marine x2  
  112  8:38  Marine x3  
  117  8:45  Supply Depot  
  117  8:48  Supply Depot  
  117  8:49  Thor  
  117  8:54  SCV x3  
  117  8:55  Marine  
  126  8:57  Marine x2  
  126  8:58  Marine x2  
  126  9:01  Concussive Shells  
  131  9:06  SCV x2  
  131  9:07  SCV  
  131  9:09  Barracks  
  134  9:11  Barracks  
  134  9:13  Marine  
  134  9:16  Barracks Tech Lab, Barracks Reactor  
  135  9:17  Marine x2  
  135  9:18  Marine x2  
  139  9:31  Marine  
  140  9:38  Marine  
  140  9:42  Marine x2  
  140  9:43  Marine x2  
  140  9:44  Thor  
  139  9:49  Marine  
  109  9:56  Marine  
  109  9:58  Marine x2  
  109  9:59  Marine x2  
  110  10:00  Marine x3  
  110  10:01  Marine  
  110  10:06  Marine  
  105  10:14  Marine  
  105  10:16  Marine x4  
  105  10:18  Marine x3  
  105  10:19  Marine, SCV x2  
  105  10:20  Terran Infantry Weapons Level 2  
  116  10:24  Marine  
  116  10:25  Terran Infantry Armor Level 2  
  123  10:31  Marine  
  123  10:34  Marine x4  
  128  10:36  Marine x4  
  128  10:38  SCV x3  
  128  10:42  Marine  
  136  10:45  Refinery  
  136  10:49  Marine  
  131  10:52  Marine x3, Refinery  
  131  10:53  SCV x3  
  137  11:03  Command Center  
  137  11:07  Supply Depot x2  
  137  11:11  Supply Depot  
  137  11:13  Supply Depot x2  
  137  11:19  Marine x4  
  137  11:20  Barracks Tech Lab  
  137  11:21  Barracks Reactor  
  141  11:29  Marine x3, Marauder, Thor  
  152  11:37  Marine x4  
  152  11:38  Medivac x2  
  152  11:39  Marine  
  161  11:46  Marine x2  
  161  11:47  Marine  
  161  11:52  Marine  
  165  11:55  Marine x4  
  165  11:57  Marine, SCV x3  
  173  12:06  Refinery  
  173  12:09  SCV x2  
  173  12:11  Thor  
  181  12:17  Marine x3  
  181  12:18  Marine x7  
  178  13:08  Marine x6  
  178  13:09  Marine x5  
Show
View Real Time Build Order
Export as new Build Order

JaySlays Protoss 

Build Orders:  

Get SALT Encoding   

  12  0:01  Probe  
  13  0:13  Probe  
  14  0:19  Pylon  
  14  0:25  Probe  
  15  0:34  Probe  
  15  0:42  Probe, Gateway  
  17  0:52  Assimilator  
  17  0:54  Probe  
  18  1:05  Assimilator  
  18  1:06  Probe  
  19  1:18  Probe  
  20  1:29  Probe  
  21  1:37  Probe  
  21  1:40  Cybernetics Core  
  21  1:45  Probe  
  23  1:55  Pylon  
  23  2:19  Stargate  
  23  2:26  Stargate  
  23  2:33  Stalker  
  23  2:34  Probe  
  26  2:45  Nexus  
  26  2:56  Shield Battery  
  26  3:06  Void Ray  
  26  3:10  Probe  
  31  3:33  Pylon  
  31  3:50  Probe, Assimilator  
  31  3:51  Void Ray  
  31  3:53  Probe  
  36  3:58  Probe  
  36  3:59  Void Ray  
  36  4:01  Probe  
  38  4:06  Probe  
  44  4:20  Probe x2  
  44  4:21  Assimilator  
  46  4:32  Probe x2  
  48  4:49  Forge  
  48  4:50  Void Ray  
  52  4:55  Pylon  
  52  4:58  Probe x2  
  54  5:12  Void Ray  
  54  5:13  Probe x2  
  60  5:21  Photon Cannon  
  60  5:27  Photon Cannon  
  60  5:44  Pylon  
  60  5:47  Pylon  
  60  5:58  Void Ray x2  
  68  6:07  Pylon, Probe  
  68  6:08  Probe  
  66  6:29  Void Ray x2  
  66  6:38  Stargate  
  74  7:00  Protoss Air Weapons Level 1  
  74  7:07  Void Ray x2  
  74  7:11  Void Ray  
  86  7:27  Photon Cannon  
  86  7:28  Photon Cannon  
  86  7:31  Photon Cannon  
  86  7:45  Pylon  
  86  7:47  Pylon  
  86  7:51  Pylon  
  86  8:03  Void Ray x2  
  94  8:07  Pylon  
  94  8:19  Nexus  
  94  8:28  Void Ray  
  94  8:32  Pylon  
  94  8:35  Pylon  
  94  8:40  Photon Cannon  
  98  8:45  Photon Cannon  
  98  8:54  Photon Cannon  
  98  8:57  Photon Cannon  
  98  9:01  Photon Cannon  
  98  9:07  Fleet Beacon  
  98  9:13  Protoss Shields Level 1  
  98  9:18  Probe  
  98  9:19  Probe  
  100  9:27  Void Ray  
  100  9:30  Probe  
  100  9:31  Probe  
  106  9:38  Void Ray  
  94  9:58  Void Ray  
  70  10:20  Void Ray  
  66  10:24  Void Ray  
  70  10:38  Assimilator  
  70  10:40  Probe x3, Assimilator  
  70  10:41  Carrier  
  73  10:52  Probe  
  74  11:01  Protoss Air Weapons Level 2  
  80  11:06  Carrier  
  80  11:08  Pylon  
  80  11:11  Pylon, Void Ray  
  84  11:21  Probe x2  
  84  11:22  Probe  
  93  11:36  Photon Cannon  
  93  11:38  Photon Cannon  
  94  11:40  Probe x3, Graviton Catapult  
  94  11:41  Photon Cannon  
  96  11:50  Carrier  
  96  11:52  Probe  
  97  11:59  Stargate  
  115  12:42  Probe x2  
  117  13:01  Nexus  
Show
View Real Time Build Order
Export as new Build Order

Wolf Zerg 

Build Orders: Hatch First 

Get SALT Encoding   

  12  0:02  Drone  
  13  0:12  Overlord  
  13  0:18  Drone  
  14  0:31  Drone x2  
  16  0:38  Drone  
  17  0:54  Hatchery  
  16  0:58  Drone  
  16  1:00  Drone  
  18  1:11  Extractor  
  18  1:16  Spawning Pool  
  16  1:18  Drone  
  16  1:22  Drone  
  18  1:30  Drone  
  19  1:39  Overlord  
  19  1:55  Drone  
  20  2:04  Queen  
  20  2:05  Zergling x2  
  20  2:07  Queen  
  20  2:08  Zergling x2  
  26  2:11  Metabolic Boost  
  26  2:18  Drone  
  26  2:19  Drone  
  28  2:34  Drone  
  28  2:35  Drone x2  
  31  2:55  Drone x3  
  34  3:01  Hatchery  
  34  3:02  Baneling Nest  
  32  3:06  Evolution Chamber  
  32  3:08  Drone  
  32  3:10  Drone  
  33  3:14  Overlord  
  33  3:20  Drone x2  
  33  3:25  Zergling x2  
  36  3:31  Overlord  
  36  3:33  Zerg Melee Weapons Level 1  
  36  3:38  Drone x3  
  36  3:39  Drone  
  36  3:41  Drone  
  41  3:52  Queen  
  43  4:00  Queen  
  44  4:06  Spine Crawler  
  43  4:25  Extractor  
  43  4:28  Extractor  
  43  4:30  Extractor  
  40  4:33  Zergling x2  
  40  4:34  Zergling x24  
  53  4:46  Lair  
  53  4:51  Queen  
  55  4:53  Evolution Chamber  
  54  5:05  Overlord x2  
  54  5:06  Overlord x2  
  54  5:14  Spore Crawler  
  54  5:15  Spore Crawler  
  54  5:19  Spore Crawler  
  51  5:24  Spore Crawler  
  34  5:59  Drone x14  
  34  6:00  Drone  
  34  6:01  Hydralisk Den  
  45  6:20  Spore Crawler  
  45  6:23  Spore Crawler  
  43  6:40  Muscular Augments  
  43  6:43  Zerg Melee Weapons Level 2, Zerg Missile Weapons Level 1  
  43  6:46  Drone  
  45  6:47  Drone x2  
  46  6:54  Drone  
  46  6:55  Drone x5  
  46  6:59  Drone x4  
  46  7:01  Drone  
  57  7:33  Extractor, Hydralisk x3  
  57  7:34  Hydralisk x4  
  70  7:37  Extractor  
  70  7:41  Drone x5  
  74  7:51  Grooved Spines  
  74  7:52  Drone x4  
  74  7:53  Drone x3  
  74  7:58  Overlord x2  
  79  8:29  Hydralisk  
  79  8:30  Hydralisk x4  
  79  8:33  Overlord x4  
  89  8:43  Zerg Ground Armor Level 1  
  89  8:51  Infestation Pit  
  88  8:58  Zergling x2  
  88  8:59  Zerg Missile Weapons Level 2, Zergling x18  
  88  9:02  Centrifical Hooks  
  98  9:09  Queen  
  98  9:11  Hydralisk x3  
  98  9:16  Overseer  
  106  9:17  Overseer  
  106  9:22  Overlord  
  106  9:23  Overlord x2  
  106  9:26  Hydralisk x4  
  106  9:28  Zergling x2  
  115  9:42  Baneling  
  115  9:43  Baneling x12  
  79  10:07  Zergling x22  
  79  10:08  Zergling x2  
  90  10:14  Zergling x6  
  90  10:15  Zergling x2  
  94  10:25  Hydralisk x3  
  94  10:26  Hydralisk x2  
  104  10:29  Baneling x5  
  104  10:30  Baneling x19  
  104  10:34  Hydralisk x2  
  108  10:35  Hydralisk  
  110  10:46  Drone x2  
  110  10:47  Drone  
  113  10:58  Hydralisk, Zergling x14  
  113  10:59  Zergling x8  
  126  11:14  Zergling x6  
  129  11:34  Overlord x3  
  129  11:36  Hydralisk x3  
  129  11:37  Hydralisk x3  
  129  11:39  Hatchery  
  140  11:54  Hive  
  140  12:00  Zergling x2  
  140  12:01  Zergling x18  
  150  12:14  Baneling x3  
  150  12:17  Overlord x3  
  150  12:39  Drone x2  
  150  12:40  Drone x3  
Tags
 
Add a new tag
Caveats
  • Supply blocks, unpowered buildings, or Contaminate may cause inaccurate times.
  • Supply counts are checked every 10 seconds.